 Dungeon Sprint DCSS version 0.31-a0-1597-ge7908ec95f (webtiles) character file.

Game seed: 2865137697586356692

711 Conn the Destroyer (level 7, 0/61 HPs)
             Began as an Octopode Fire Elementalist on Jan 7, 2024.
             Was an Initiate of Sif Muna.
             Engulfed by a cloud of steam (1 damage)
             ... in the Dungeon (Sprint II: "The Violet Keep of Menkaure").
             The game lasted 00:05:32 (282 turns).

Conn the Destroyer (Octopode Fire Elementalist)      Turns: 282, Time: 00:05:36

Health: 0/61       AC: 23    Str: 14    XL:     7   Next: 68%
Magic:  11/18      EV:  2    Int: 21    God:    Sif Muna [......]
Gold:   3          SH:  0    Dex:  8    Spells: 3/21 levels left

rFire   . . .        b - +8 broad axe of Zodes {pain, Str+6 Int+2 Dex-4}
rCold   . . .        (no shield)
rNeg    . . .        (helmet currently unavailable)
rPois   +            (no amulet)
rElec   .            (no ring)
rCorr   .            (no ring)
SInv    .            (no ring)
Will    .....        (no ring)
Stlth   +++          (no ring)
HPRegen 0.30/turn    (no ring)
MPRegen 0.16/turn    (no ring)
                     (no ring)

%: no teleportation
@: tree-form, very slow
A: stationary, stasis, torment immunity, boosted hp, almost no armour,
(amphibious), 8 rings, (camouflage 1), (gelatinous body 1), (nimble swimmer 1),
(tentacles)
a: Renounce Religion


You were in the Dungeon.
You worshipped Sif Muna.
Sif Muna was noncommittal.
You were a tree.
You visited 1 branch You collected 486 gold pieces.
You spent 483 gold pieces at shops.

Inventory:

Hand Weapons
 b - the +8 broad axe of Zodes (weapon) {pain, Str+6 Int+2 Dex-4}
   (You bought it in a shop in the Dungeon)

   Str+6:     It affects your strength (+6).
   Int+2:     It affects your intelligence (+2).
   Dex-4:     It affects your dexterity (-4).
Scrolls
 f - a scroll of blinking
Potions
 a - a potion of magic


   Skills:
 + Level 6.4 Dodging
 - Level 8.0 Stealth
 * Level 7.8 Spellcasting
 * Level 8.3 Conjurations
 + Level 2.6 Hexes
 + Level 2.6 Summonings
 + Level 6.5 Fire Magic
 * Level 3.7 Invocations


You had 3 spell levels left.
You knew the following spells:

 Your Spells              Type           Power      Damage    Failure   Level
a - Foxfire               Conj/Fire      100%       2x1d9     1%          1
b - Scorch                Fire           70%        2d7       1%          2
c - Inner Flame           Hex/Fire       27%        N/A       3%          3
d - Flame Wave            Conj/Fire      39%        2d11      3%          4
e - Summon Small Mammal   Summ           76%        N/A       2%          1
f - Call Canine Familiar  Summ           19%        N/A       9%          3
g - Summon Blazeheart Go  Fire/Summ      27%        N/A       12%         4

Your spell library contained the following spells:

 Spells                   Type           Power      Damage    Failure   Level
 Volatile Blastmotes      Fire/Tloc      42%        2d13      6%          3


Dungeon Overview and Level Annotations

Branches:
Dungeon (1/1)

Altars:
Cheibriados
Dithmenos
Elyvilon
Fedhas
Gozag
Hepliaklqana
Kikubaaqudgha
Makhleb
Nemelex Xobeh
Okawaru
Qazlal
Ru
Sif Muna
Trog
Uskayaw
Vehumet
Wu Jian
Xom
Yredelemnul
Zin
The Shining One
Jiyva
Lugonu

Shops:
D :=::=[(:*!*!?[*

Annotations:
D exclusion: oklob plant


Innate Abilities, Weirdness & Mutations

You are a tree.
Your roots penetrate the ground, keeping you stationary.
You cannot be teleported.
You are immune to unholy pain and torment.
Your maximum health is greatly increased.
You cannot wear most types of armour.
((You are amphibious.))
You can wear up to eight rings at the same time.
((Your skin changes colour to match your surroundings (Stealth+).))
((Your rubbery body absorbs attacks. (AC +1, EV +1)))
((You are camouflaged when in or above water. (Stealth+)))
((You have tentacles for arms and can constrict up to eight enemies at once.))


Message History

The flame wave engulfs the crocodile!
The crocodile is moderately wounded. (Press . to intensify the flame waves.)
The polar bear is no longer more vulnerable to fire.
The polar bear is engulfed in a cloud of scalding steam.
The polar bear bites you but does no damage.
The polar bear claws you but does no damage. x2
The crocodile is engulfed in a cloud of scalding steam.
The crocodile bites you but does no damage.
A wave of flame ripples out!
The flame wave engulfs the polar bear.
The polar bear is heavily wounded.
The flame wave engulfs the crocodile!
The crocodile is almost dead.
The flame wave engulfs the yaktaur!!
The yaktaur is burned terribly!
The yaktaur is almost dead.
You are engulfed in a cloud of scalding steam.
* * * LOW HITPOINT WARNING * * *
The polar bear is engulfed in a cloud of scalding steam.
The polar bear bites you but does no damage.
The polar bear claws you but does no damage. x2
The yaktaur is engulfed in a cloud of scalding steam.
You kill the yaktaur!
Sif Muna accepts your kill.
You hear a splash.
The crocodile is engulfed in a cloud of scalding steam.
You kill the crocodile!
Sif Muna accepts your kill.
Your Dodging skill increases to level 6!
Your Conjurations skill increases to level 8!
Your Hexes skill increases to level 2!
Your Summonings skill increases to level 2!
Your Invocations skill gained 3 levels and is now at level 3!
You have reached level 7!
A wave of flame ripples out!
The flame wave engulfs the polar bear.
The polar bear is severely wounded.
The flame wave engulfs the hornet!
The hornet is heavily wounded.
You finish channelling waves of flame.
You are engulfed in a cloud of scalding steam.
You die...

### +.### |▓$!:?$$!(▓
...# ...# ##▓?))!$??)▓
..## #.^# $#▓!([[|!:$▓
#..# +.^# h#▓$[!![(![▓
#..# #..# .#▓[|!?$:??▓
+..####..##.#▓?!$!"(:(▓
#....###...##▓▓▓▓▓▓▓+▓▓
##......~~~~h~yh♣§§~~...
#§~.....~#'########+###.
~§~~~~.§~#..._._._#l~§#
~~§§~§§.~#_._._._.#~§≈≈#
~≈≈≈§~~~~#._._._._#~~~~≈
~~≈≈§≈~~~#_._._._.#~~~§≈
~≈§§§§≈≈~#._._._..#~l~~~
#≈≈≈###≈§#_._._...#~§~§≈
##≈≈# #§≈#._._....#§


You could see a polar bear, a hornet and 2 crocodiles.

Vanquished Creatures
  A yaktaur (D)
  Menkaure (D)
  2 crocodiles (D)
  5 scorpions (D)
  3 ribbon worms (D)
12 creatures vanquished.

Vanquished Creatures (others)
  15 foxfires (D)
15 creatures vanquished.

Grand Total: 27 creatures vanquished

Notes
Turn   | Place    | Note
-------+----------+-------------------------------------------
     0 | D        | Conn the Octopode Fire Elementalist began the quest for the
                  | Orb.
     0 | D        | Reached XP level 1. HP: 11/11 MP: 3/3
     5 | D        | Noticed a scorpion
     5 | D        | Noticed a scorpion
    12 | D        | Killed a scorpion
    13 | D        | Reached XP level 2. HP: 17/17 MP: 1/7
    13 | D        | Reached XP level 3. HP: 21/21 MP: 1/8
    16 | D        | Killed a scorpion
    17 | D        | Reached skill level 5 in Stealth
    17 | D        | Reached XP level 4. HP: 27/27 MP: 1/10
    23 | D        | Learned a level 2 spell: Scorch
    27 | D        | Learned a level 3 spell: Inner Flame
    32 | D        | Learned a level 4 spell: Flame Wave
    58 | D        | Noticed a scorpion
    58 | D        | Noticed a scorpion
    67 | D        | Killed a scorpion
    68 | D        | Reached skill level 5 in Spellcasting
    68 | D        | Reached skill level 5 in Conjurations
    68 | D        | Reached skill level 5 in Fire Magic
    68 | D        | Reached XP level 5. HP: 18/31 MP: 4/13
    69 | D        | Reached XP level 6. HP: 19/36 MP: 2/15
   157 | D        | Reached skill level 5 in Dodging
   171 | D        | Found Velun's Antique Armour Emporium.
   171 | D        | Found Siseic's Distillery.
   171 | D        | Found Beagap's Assorted Antiques.
   171 | D        | Found Qeclugre's Book Shoppe.
   171 | D        | Found Yplizeg's Distillery.
   171 | D        | Found Oxzeupsu's Antique Weapon Emporium.
   172 | D        | Found Vifrisec's Jewellery Shoppe.
   172 | D        | Found Vatiten's Book Emporium.
   172 | D        | Found Taxzuehy's Magic Scroll Shoppe.
   172 | D        | Found Ruinwuun's General Store.
   172 | D        | Found Xeidirya's Assorted Antiques.
   173 | D        | Found Lupeiq's Book Shoppe.
   173 | D        | Found Paumev's Jewellery Emporium.
   173 | D        | Noticed a shining eye
   174 | D        | Found Qucsiumi's Antique Armour Emporium.
   176 | D        | Noticed Menkaure
   187 | D        | Killed Menkaure
   195 | D        | Noticed a shining eye
   195 | D        | Noticed a shining eye
   195 | D        | Noticed an oklob plant
   196 | D        | Found Enlylur's Book Shoppe.
   199 | D        | Noticed a great orb of eyes
   200 | D        | Noticed an iron elemental
   204 | D        | Bought a book of Callings for 264 gold pieces
   206 | D        | Learned a level 1 spell: Summon Small Mammal
   210 | D        | Learned a level 3 spell: Call Canine Familiar
   215 | D        | Learned a level 4 spell: Summon Blazeheart Golem
   219 | D        | Bought a steaming broad axe for 189 gold pieces
   219 | D        | Identified the +8 broad axe of Zodes {pain, Str+6 Int+2
                  | Dex-4} (You bought it in a shop in the Dungeon)
   225 | D        | Bought a potion of lignification for 30 gold pieces
   239 | D        | Reached skill level 1 in Hexes
   239 | D        | Reached skill level 1 in Summonings
   241 | D        | Noticed a laughing skull
   242 | D        | Noticed a wyvern
   245 | D        | Noticed a laughing skull
   245 | D        | Noticed a laughing skull
   245 | D        | Noticed a laughing skull
   254 | D        | Found a glowing golden altar of the Shining One.
   254 | D        | Found an ornate altar of the Wu Jian Council.
   254 | D        | Found a stormy altar of Qazlal.
   255 | D        | Found a shimmering altar of Xom.
   255 | D        | Found a sacrificial altar of Ru.
   256 | D        | Found a basalt altar of Yredelemnul.
   256 | D        | Found a shimmering blue altar of Sif Muna.
   257 | D        | Found a glowing silver altar of Zin.
   257 | D        | Found a bloodstained altar of Trog.
   257 | D        | Found an ancient bone altar of Kikubaaqudgha.
   257 | D        | Found a viscous altar of Jiyva.
   258 | D        | Found a hide-covered altar of Uskayaw.
   258 | D        | Found a corrupted altar of Lugonu.
   258 | D        | Found a shadowy altar of Dithmenos.
   258 | D        | Found a hazy altar of Hepliaklqana.
   258 | D        | Found a snail-covered altar of Cheibriados.
   259 | D        | Found a radiant altar of Vehumet.
   259 | D        | Found a burning altar of Makhleb.
   259 | D        | Found a white marble altar of Elyvilon.
   260 | D        | Found a sparkling altar of Nemelex Xobeh.
   260 | D        | Found a blossoming altar of Fedhas.
   262 | D        | Found an iron altar of Okawaru.
   262 | D        | Found an opulent altar of Gozag.
   262 | D        | Noticed a hornet
   262 | D        | Noticed a polar bear
   263 | D        | Noticed a yaktaur
   267 | D        | Became a worshipper of Sif Muna the Loreminder
   270 | D        | Noticed a polar bear
   271 | D        | Noticed a polar bear
   279 | D        | HP: 2/54 [crocodile (10)]
   281 | D        | Killed a yaktaur
   282 | D        | Reached XP level 7. HP: 1/41 MP: 12/18
   282 | D        | Engulfed by a cloud of steam

Illustrated notes

Levels and vault maps discovered:
D:        the_violet_keep_of_menkaure [sprint2_stairs_cluster_1,
          sprint2_shoproom, sprint2_temple, sprint2_basic_supplies,
          sprint2_obstacle_1, sprint2_obstacle_6, sprint2_obstacle_7,
          sprint2_obstacle_5, sprint2_obstacle_4, sprint2_timed_cluster_1,
          sprint2_smallroom_cluster_1, sprint2_smallroom_final_cluster_1,
          sprint2_transparent_cluster_1, sprint2_second_timed_cluster_1,
          sprint2_sniper_area_1, sprint2_heavy_combat_area_1,
          sprint2_mutation_trap_area_1, sprint2_forest_area_1,
          sprint2_light_combat_area_1, sprint2_behind_water_1,
          sprint2_near_end_vault_1]

Skill      XL: |  1  2  3  4  5  6 |
---------------+-------------------+-----
Dodging        | 3 4 6 |  6.4
Stealth        | 4 5 6 7 8 |  8.0
Spellcasting   | 4 5 6 7 |  7.8
Conjurations   | 3 4 5 6 8 |  8.3
Fire Magic     | 4 5 6 |  6.5
Hexes          | 2 |  2.6
Summonings     | 2 |  2.6
Invocations    | 3 |  3.7

Action                     |  1- 3 |  4- 6 |  7- 9 || total
---------------------------+-------+-------+-------++-------
  Melee: Unarmed           |     6 |     1 |       ||     7
         Tentacles         |     2 |       |       ||     2
         Constrict         |     1 |       |       ||     1
         Punch             |     1 |       |       ||     1
   Cast: Foxfire           |     2 |     7 |       ||     9
         Scorch            |       |    14 |       ||    14
         Flame Wave        |       |     2 |       ||     2
         Summon Blazeheart |       |     1 |       ||     1
    Use: Potion            |     2 |     5 |       ||     7
 Armour: Skin              |     1 |    26 |     1 ||    28
  Dodge: Dodged            |     2 |    10 |       ||    12

Table legend: (Time is in decaauts)
 A = Elapsed time spent in this place.
 B = Non-inter-level travel time spent in this place.
 C = Inter-level travel time spent in this place.
 D = Time resting spent in this place.
 E = Time spent auto-exploring this place.
 F = Levels seen in this place.
 G = Mean time per level.
                   A        B        C        D        E       F      G
               +--------+--------+--------+--------+--------+-----+--------+
         Total |    276 |    276 |      0 |     80 |      0 |   1 |  276.0 |
       Dungeon |    276 |    276 |      0 |     80 |      0 |   1 |  276.0 |
               +--------+--------+--------+--------+--------+-----+--------+

Top non-repeatable levels by time:
       D: 276 daAuts
